Map: Pillars of Gold LE

Players

Silky - Winner!

  • Race: Zerg Zerg
  • Spawn Location: 1:00

Future

  • Race: Terran Terran
  • Spawn Location: 7:00

Event: The Miserable Cup

VOD

Have the link to the VOD?

Description

Time

  • Played on: June 21, 2020, 2:22 p.m.
  • Length: 12:43

All games in this series

Show
View Real Time Build Order
Export as new Build Order

Silky Zerg - Winner!

Build Orders: Hatch First, Muta Ling Bane 

Get SALT Encoding   

  12  0:00  Drone  
  13  0:12  Overlord  
  13  0:18  Drone  
  14  0:31  Drone x2  
  16  0:50  Hatchery  
  16  0:53  Drone  
  16  0:57  Drone  
  17  1:00  Drone  
  18  1:10  Extractor  
  17  1:16  Spawning Pool  
  16  1:19  Drone  
  16  1:22  Drone  
  18  1:29  Drone  
  19  1:39  Drone  
  20  1:50  Overlord  
  20  2:02  Queen x2  
  20  2:03  Zergling x4  
  26  2:12  Drone  
  26  2:13  Drone  
  28  2:16  Metabolic Boost  
  28  2:24  Drone x2  
  30  2:34  Drone  
  30  2:35  Drone  
  32  2:52  Extractor  
  32  2:53  Overlord  
  32  2:55  Hatchery  
  32  2:56  Drone x3  
  34  3:02  Queen  
  36  3:10  Overlord  
  37  3:12  Drone  
  37  3:13  Drone  
  37  3:15  Drone  
  39  3:20  Drone  
  39  3:21  Drone x2  
  42  3:28  Overlord  
  42  3:33  Drone  
  43  3:39  Queen  
  45  3:47  Drone x2  
  47  3:51  Drone x2  
  47  3:52  Drone x4, Baneling Nest  
  47  3:55  Drone  
  52  4:01  Drone  
  53  4:04  Overlord  
  53  4:06  Overlord  
  54  4:10  Zergling x2, Queen  
  54  4:14  Overlord  
  56  4:17  Queen  
  56  4:18  Drone  
  56  4:20  Drone  
  56  4:21  Spore Crawler  
  56  4:23  Drone  
  56  4:24  Drone  
  61  4:25  Drone  
  61  4:29  Zergling x6  
  65  4:32  Spore Crawler  
  65  4:33  Drone  
  65  4:34  Drone  
  66  4:38  Lair  
  66  4:41  Drone  
  66  4:42  Spore Crawler  
  66  4:45  Drone x2  
  68  4:48  Drone x2  
  68  4:49  Drone x2  
  68  4:52  Extractor  
  71  4:53  Drone x2  
  71  4:54  Extractor  
  71  4:57  Drone  
  73  5:01  Overlord  
  73  5:05  Drone x2  
  75  5:08  Drone x2  
  75  5:09  Drone  
  76  5:16  Drone  
  76  5:17  Drone x2  
  76  5:18  Overlord  
  76  5:20  Drone x2  
  80  5:25  Drone x3  
  83  5:28  Drone x2  
  83  5:29  Drone  
  83  5:31  Extractor  
  83  5:32  Evolution Chamber, Extractor  
  83  5:36  Evolution Chamber, Centrifical Hooks  
  83  5:37  Overlord  
  83  5:38  Drone x4  
  83  5:42  Overlord  
  87  5:50  Drone x2, Extractor  
  87  5:56  Zergling x8  
  91  5:59  Hatchery, Zerg Ground Armor Level 1  
  91  6:01  Zerg Melee Weapons Level 1  
  90  6:06  Overlord  
  90  6:09  Zergling x10  
  93  6:16  Drone  
  93  6:17  Zergling x10  
  94  6:22  Zergling x4  
  95  6:28  Spire  
  95  6:32  Zergling x6  
  97  6:39  Baneling x8  
  97  6:40  Zergling x6  
  97  6:46  Zergling x2, Drone  
  97  6:47  Zergling x2  
  103  6:48  Overlord  
  103  6:51  Overlord  
  103  6:53  Zergling x8  
  107  7:00  Baneling x2  
  105  7:02  Zergling x6  
  108  7:13  Drone  
  108  7:14  Drone x7  
  106  7:26  Drone x5  
  106  7:29  Overseer  
  104  7:38  Overlord  
  104  7:41  Mutalisk x6  
  113  7:51  Mutalisk  
  113  7:52  Mutalisk x2  
  113  7:56  Mutalisk x3  
  124  7:59  Baneling x7  
  124  8:02  Zergling x12  
  130  8:07  Zergling x12  
  130  8:11  Zerg Flyer Weapons Level 1  
  136  8:13  Baneling x2  
  136  8:14  Zergling x2, Baneling  
  136  8:16  Overlord  
  136  8:19  Overlord  
  137  8:21  Zergling x8  
  137  8:22  Queen  
  137  8:24  Drone, Extractor  
  143  8:28  Zerg Melee Weapons Level 2  
  143  8:29  Zergling x4  
  145  8:36  Hatchery, Drone x3  
  145  8:39  Zerg Ground Armor Level 2  
  147  8:41  Baneling x4  
  147  8:43  Overlord  
  147  8:45  Zergling x4  
  147  8:48  Mutalisk  
  149  8:49  Overlord  
  149  8:52  Zergling x6  
  155  8:55  Zergling x4  
  155  8:56  Zergling x4  
  155  8:59  Zergling x8  
  155  9:00  Zergling x2  
  163  9:04  Infestation Pit  
  163  9:06  Mutalisk x2  
  166  9:11  Baneling x2  
  166  9:12  Zergling x4  
  166  9:15  Overlord  
  168  9:18  Mutalisk x2  
  168  9:21  Overlord  
  168  9:22  Zergling x4  
  173  9:24  Overlord  
  139  9:39  Zergling x14  
  139  9:42  Hive  
  139  9:43  Mutalisk  
  139  9:44  Zergling x2  
  138  9:46  Zergling x4  
  138  9:47  Zergling x4  
  138  9:51  Baneling x13  
  142  9:52  Overseer  
  142  9:55  Drone x3  
  142  9:59  Baneling x2  
  145  10:00  Baneling  
  145  10:01  Zergling x12  
  150  10:07  Zergling x2  
  150  10:09  Zergling x6  
  150  10:14  Zergling x10  
  156  10:21  Drone x3  
  156  10:22  Zergling x6  
  156  10:23  Zergling x2  
  156  10:26  Baneling x3  
  156  10:28  Baneling x7  
  163  10:30  Hatchery, Zergling x4  
  157  10:38  Zergling x16  
  157  10:42  Baneling x9  
  155  10:45  Zergling x6  
  159  10:50  Zergling x10  
  159  10:53  Zergling x6  
  166  10:59  Zergling x10  
  166  11:00  Zergling x4  
  169  11:06  Zergling x2  
  169  11:07  Zergling x10  
  171  11:15  Mutalisk x4  
  177  11:18  Zergling x2, Ultralisk Cavern  
  177  11:19  Zergling x6  
  177  11:25  Zergling x12  
  184  11:29  Zergling x10  
  190  11:34  Baneling x9  
  190  11:35  Baneling x3  
  190  11:41  Zergling x2  
  190  11:42  Zergling x10  
  193  11:49  Zergling x2  
  193  11:50  Zergling x8  
  193  11:51  Baneling x12  
  188  11:59  Zergling x2  
  188  12:00  Zergling x12  
  176  12:06  Zergling x4  
  176  12:07  Baneling x14  
  147  12:09  Zergling x4  
  147  12:10  Zergling x2  
  147  12:14  Mutalisk  
  152  12:17  Baneling x8  
  152  12:21  Zergling x2  
  152  12:22  Zergling x6  
Show
View Real Time Build Order
Export as new Build Order

Future Terran 

Build Orders: Liberator Opening 

Get SALT Encoding   

  12  0:00  SCV  
  13  0:13  SCV  
  14  0:17  Supply Depot  
  14  0:25  SCV  
  15  0:39  SCV  
  15  0:40  Barracks  
  16  0:51  SCV  
  17  1:03  SCV  
  18  1:04  Refinery  
  18  1:15  SCV  
  19  1:27  Marine  
  19  1:28  Orbital Command  
  20  1:34  Bunker  
  20  1:49  Command Center  
  20  1:53  Reaper  
  21  1:56  SCV  
  22  2:04  Supply Depot  
  22  2:08  SCV  
  22  2:10  Refinery  
  23  2:24  Factory  
  23  2:26  SCV  
  23  2:28  Engineering Bay  
  24  2:38  SCV  
  24  2:39  Barracks Reactor  
  25  2:50  SCV  
  25  3:01  Orbital Command  
  25  3:02  SCV  
  26  3:10  Starport  
  26  3:14  SCV  
  26  3:19  Hellion x2  
  31  3:24  Barracks Tech Lab  
  31  3:26  SCV  
  32  3:29  SCV  
  33  3:38  SCV  
  33  3:41  SCV, Hellion x2  
  39  3:47  Liberator  
  42  3:51  SCV, Stimpack  
  42  3:53  SCV  
  44  4:00  Supply Depot  
  44  4:03  SCV  
  44  4:05  SCV  
  46  4:16  Command Center  
  46  4:19  Factory Reactor  
  46  4:22  SCV x2, Marine  
  49  4:26  Supply Depot  
  49  4:32  Barracks  
  49  4:34  SCV x2  
  51  4:40  Starport Tech Lab, Barracks  
  51  4:46  SCV x2  
  51  4:51  Supply Depot  
  53  4:56  Engineering Bay  
  53  4:58  SCV x2, Marine  
  53  4:59  Engineering Bay  
  56  5:09  Refinery  
  56  5:10  SCV x2, Starport Reactor, Refinery  
  58  5:16  Marine  
  58  5:20  Marine x2  
  61  5:22  Siege Tank  
  61  5:24  SCV x2  
  61  5:27  Terran Infantry Weapons Level 1  
  64  5:31  Orbital Command  
  64  5:34  Marine, Terran Infantry Armor Level 1  
  65  5:36  SCV  
  65  5:37  SCV  
  67  5:43  Combat Shield  
  67  5:48  SCV  
  69  5:50  SCV  
  69  5:51  Marine x5  
  69  5:54  Orbital Command  
  74  6:00  SCV, Supply Depot, Siege Tank  
  74  6:02  SCV  
  74  6:03  Medivac  
  81  6:05  Medivac  
  83  6:15  SCV  
  83  6:17  Marine  
  85  6:20  Supply Depot  
  85  6:21  Marine x4  
  85  6:23  Supply Depot  
  89  6:26  SCV  
  89  6:28  SCV  
  88  6:33  Siege Tank  
  88  6:38  SCV x2  
  93  6:40  Supply Depot  
  93  6:41  Supply Depot  
  93  6:42  SCV, Marine x5  
  99  6:49  Armory  
  99  6:50  SCV x2  
  101  6:54  SCV  
  101  6:59  Marine  
  101  7:00  Marine x3  
  106  7:02  SCV  
  106  7:03  SCV  
  106  7:06  SCV, Siege Tank  
  112  7:11  Supply Depot  
  112  7:12  Supply Depot  
  112  7:14  SCV  
  112  7:15  SCV  
  101  7:24  Marine x2  
  101  7:25  Marine  
  101  7:26  Marine x2  
  95  7:31  Medivac  
  95  7:32  Medivac  
  95  7:33  Barracks x2  
  95  7:36  Barracks  
  99  7:44  Siege Tank  
  99  7:45  Barracks  
  99  7:46  Barracks  
  99  7:47  Marine  
  99  7:51  Marine x3  
  104  7:52  Marine  
  105  8:02  Terran Infantry Weapons Level 2  
  105  8:04  Terran Infantry Armor Level 2  
  105  8:05  Marine  
  106  8:09  Marine x3  
  106  8:10  Marine  
  110  8:16  Siege Tank  
  110  8:17  Missile Turret x2  
  110  8:18  Missile Turret  
  113  8:23  Marine  
  113  8:26  Marine x2  
  118  8:27  Marine x2  
  118  8:29  Barracks Reactor x3  
  118  8:35  Barracks Reactor x2  
  118  8:41  Marine  
  119  8:44  Marine x2  
  119  8:45  Marine x2  
  123  8:52  Siege Tank  
  126  8:56  Medivac x2  
  126  8:58  Marine  
  126  9:00  Supply Depot x2  
  126  9:02  Supply Depot, Marine x2  
  133  9:03  Marine x2  
  133  9:08  Marine x6  
  141  9:17  Supply Depot  
  141  9:18  Supply Depot  
  141  9:21  Marine x8  
  141  9:22  Marine  
  150  9:25  Siege Tank  
  150  9:26  Marine x6  
  125  9:39  Marine x8  
  125  9:40  Marine  
  125  9:44  Marine x4  
  125  9:45  Marine x2, Liberator x2  
  137  9:57  Supply Depot, Marine x9  
  137  9:59  Siege Tank  
  149  10:01  Marine  
  149  10:02  Marine x2  
  149  10:04  Marine  
  149  10:08  Marine  
  149  10:12  Marine  
  151  10:16  Marine x8  
  151  10:21  Marine x2  
  159  10:25  Supply Depot, Marine x3  
  159  10:26  Marine  
  165  10:30  Marine  
  165  10:31  Siege Tank  
  164  10:40  Liberator x2  
  164  10:41  Marine x3  
  170  10:46  Marine x4  
  174  10:54  Marine  
  175  10:59  Marine x2  
  175  11:01  Marine  
  175  11:02  Marine  
  176  11:07  Siege Tank  
  176  11:08  Marine  
  176  11:09  Marine  
  176  11:10  Marine x2  
  176  11:11  Marine x3  
  174  11:16  Marine x4  
  174  11:17  Marine x2  
  177  11:19  Marine  
  177  11:23  Liberator x2  
  177  11:24  Marine  
  185  11:26  Marine  
  185  11:28  Marine  
  185  11:29  Orbital Command, Marine  
  185  11:32  Marine  
  188  11:35  Marine  
  188  11:37  Marine x3  
  188  11:39  Siege Tank  
  182  11:50  Marine x2  
  182  11:53  Marine  
  182  11:57  Marine x2  
  182  11:58  Marine  
  171  12:03  Marine  
  171  12:04  Marine x5  
  171  12:06  Marine  
  171  12:07  Marine  
  122  12:16  Marine  
  122  12:17  Marine  
  120  12:23  Marine x3  
Tags
 
Add a new tag
Caveats
  • Supply blocks, unpowered buildings, or Contaminate may cause inaccurate times.
  • Supply counts are checked every 10 seconds.